 Dungeon Crawl Stone Soup version 0.30-a0-371-gad7725a93e (webtiles) character file.

Game seed: 9312404685890261581

44 greasedhog the Trooper (level 3, -4/24 HPs)
             Began as a Gargoyle Cinder Acolyte on Nov 21, 2022.
             Was a High Priest of Ignis.
             Slain by a scorpion (6 damage)
             ... on level 4 of the Dungeon.
             The game lasted 00:01:52 (1482 turns).

greasedhog the Trooper (Gargoyle Cinder Acolyte)    Turns: 1482, Time: 00:01:52

Health: -4/24      AC:  8    Str: 19    XL:     3   Next: 62%
Magic:  4/4        EV: 10    Int: 14    God:    Ignis [*****.]
Gold:   52         SH:  0    Dex:  5    Spells: 4/4 levels left

rFire   + . .      SeeInvis .    a - -1 mace (flame)
rCold   . . .      Faith    .    (no shield)
rNeg    + . .      Spirit   .    f - +0 ring mail
rPois   ∞          Reflect  .    (no helmet)
rElec   +          Harm     .    (no cloak)
rCorr   .          Rampage  .    (no gloves)
Will    .....                    (no boots)
Stlth   ..........               (no amulet)
HPRegen 0.24/turn                (no ring)
MPRegen 0.09/turn                (no ring)

@: brilliant, attractive
A: sickness immunity, AC +3, negative energy resistance 1, electricity
resistance, torment resistance 1, petrification resistance
a: Renounce Religion, Fiery Armour, Foxfire Swarm, Rising Flame


You were on level 4 of the Dungeon.
You worshipped Ignis.
Ignis was extremely pleased with you.
You visited 1 branch of the dungeon, and saw 3 of its levels.

You collected 52 gold pieces.

Inventory:

Hand Weapons
 a - a -1 mace of flaming (weapon)
Armour
 f - a +0 ring mail (worn)
Scrolls
 d - a scroll of teleportation {unknown}
 h - a scroll of immolation {unknown}
Potions
 c - a potion of resistance
 i - a potion of mutation {unknown}


   Skills:
 * Level 4.0 Fighting
 * Level 3.6 Maces & Flails
 + Level 1.2 Armour
 - Level 1.0 Spellcasting
 - Level 3.0 Fire Magic


You had 4 spell levels left.
You didn't know any spells.
Your spell library contained the following spells:

 Spells                   Type           Power      Damage    Failure   Level
 Scorch                   Fire           26%        2d6       21%         2


Dungeon Overview and Level Annotations

Branches:
Dungeon (4/15)
 Temple: D:4-7

Altars:


Innate Abilities, Weirdness & Mutations

You are immune to sickness and miasma.
Your stone body is resilient. (AC +3)
You are immune to poison.
You resist negative energy. (rN+)
You are resistant to electric shocks. (rElec)
You are resistant to unholy torment.
You are immune to petrification.


Message History

You hit the scorpion but do no damage.
The scorpion is moderately wounded.
The scorpion misses you.
You closely miss the scorpion.
The scorpion is moderately wounded.
The scorpion barely misses you.
The scorpion stings you but does no damage.
You hit the scorpion. You burn the scorpion.
The scorpion is moderately wounded.
The scorpion stings you.
You barely miss the scorpion.
The scorpion is moderately wounded.
The scorpion stings you.
The scorpion stings you but does no damage.
Throw: 2 darts (curare)
Press: ? - help, Q - select action Shift-Dir - straight line, f - scorpion
Aim: a scorpion (moderately wounded, 52% to hit)
You throw a curare-tipped dart.
The curare-tipped dart closely misses the scorpion.
The scorpion stings you.
* * * LOW HITPOINT WARNING * * *
Throw: dart (curare)
Press: ? - help, Q - select action Shift-Dir - straight line, f/p - scorpion
Aim: a scorpion (moderately wounded, 52% to hit)
You throw a curare-tipped dart.
The curare-tipped dart closely misses the scorpion.
The scorpion stings you but does no damage.
You hit the scorpion. You burn the scorpion.
The scorpion is heavily wounded.
The scorpion stings you but does no damage.
It was a potion of attraction.
You feel attractive to monsters. The scorpion stings you.
* * * LOW HITPOINT WARNING * * *
The scorpion stings you.
* * * LOW HITPOINT WARNING * * *
It was a potion of brilliance.
You feel clever all of a sudden. The scorpion stings you.
You die...

..... ........ .....
.$....>. ..... ......
#... #...# #####
###...####...####.#..#.
....(.........#........
..............#........
........>.....#........
.....!........#@.......
.............Ks....<...
.............(#........
###.##..##.####...##...
#. ####### ##### ## . .


You could see a scorpion and a kobold.

Vanquished Creatures
  2 adders (D:2)
  A dart slug (D:1)
  3 bats (D:1)
  2 goblins (D:1)
  5 hobgoblins (D:1)
  6 ball pythons
  3 kobolds
  4 rats
26 creatures vanquished.

Notes
Turn   | Place    | Note
-------+----------+-------------------------------------------
     0 | D:1      | greasedhog the Gargoyle Cinder Acolyte began the quest for
                  | the Orb.
     0 | D:1      | Reached XP level 1. HP: 14/14 MP: 2/2
   252 | D:1      | Reached XP level 2. HP: 19/19 MP: 3/3
   654 | D:1      | Reached skill level 1 in Armour
  1019 | D:2      | Reached XP level 3. HP: 22/24 MP: 4/4
  1235 | D:2      | Reached skill level 4 in Fighting
  1456 | D:2      | You fall into a shaft and drop 2 floors!
  1459 | D:4      | Noticed a scorpion
  1482 | D:4      | Slain by a scorpion

Illustrated notes

Levels and vault maps discovered:
D:1:      elethiomel_arrival_infinity_welcomes_careful_drivers,
          layout_loops_corners
D:2:      layout_loops_ring
D:4:      layout_gridville, mainiacjoe_overflow_cross_hatched, minmay_puff

Skill      XL: |  1  2  3 |
---------------+----------+-----
Armour         | 1 |  1.2
Fighting       | 4 |  4.0
Maces & Flails | |  3.6
Spellcasting   | |  1.0
Fire Magic     | |  3.0

Action                   || total
-------------------------++-------
Melee: Mace              ||    94
Throw: Dart              ||     2
  Use: Scroll            ||     2
       Potion            ||     2
Armor: Robe              ||    15
       Ring mail         ||    43
Dodge: Dodged            ||    69

Table legend: (Time is in decaauts)
 A = Elapsed time spent in this place.
 B = Non-inter-level travel time spent in this place.
 C = Inter-level travel time spent in this place.
 D = Time resting spent in this place.
 E = Time spent auto-exploring this place.
 F = Levels seen in this place.
 G = Mean time per level.
                   A        B        C        D        E       F      G
               +--------+--------+--------+--------+--------+-----+--------+
         Total |   1503 |   1479 |     24 |      0 |   1212 |   3 |  501.0 |
       Dungeon |   1503 |   1479 |     24 |      0 |   1212 |   3 |  501.0 |
               +--------+--------+--------+--------+--------+-----+--------+

Top non-repeatable levels by time:
     D:1: 1025 daAuts
     D:2: 450 daAuts
     D:4: 27 daAuts
